 Dungeon Crawl Stone Soup version 0.32-a0-913-g739538afd8 (webtiles) character file.

Game seed: 959713065106256369

15876 freelancePsychic the Fighter (level 12, -2/77 HPs)
             Began as a Tengu Alchemist on Apr 7, 2024.
             Was the Champion of Ru.
             Killed from afar by an orc sorcerer (36 damage)
             ... with a bolt of fire
             ... led by an orc warlord
             ... on level 1 of the Orcish Mines.
             The game lasted 00:26:35 (13488 turns).

freelancePsychic the Fighter (Tengu Alchemist)     Turns: 13488, Time: 00:26:36

Health: -2/77      AC:  8    Str:  9    XL:     12   Next: 31%
Magic:  1/19       EV: 20    Int: 20    God:    Ru [******]
Gold:   1075       SH:  0    Dex: 15    Spells: 6/20 levels left

rFire   . . .        s - +1 hammer "Gimm" {freeze, rPois Will+ rCorr}
rCold   . . .        N - orb {*channel}
rNeg    . . .        K - +0 steam dragon scales
rPois   +            (helmet restricted)
rElec   .            E - +2 cloak
rCorr   +            (no gloves)
SInv    .            (boots unavailable)
Will    .....        y - amulet of regeneration
Stlth   ++           t - +5 ring of evasion
HPRegen 1.12/turn    (no ring)
MPRegen 0.16/turn

%: inaccuracy (-5), acrobat, channel magic (20%)
@: exhausted, flying
A: beak, talons 3, inability to drink after injury 2, hated by all, weak-willed
1, unskilled 1, evasive flight, missing an eye, acrobatic
a: Renounce Religion, Draw Out Power, Power Leap, Apocalypse


You were on level 1 of the Orcish Mines.
You worshipped Ru.
Ru was exalted by your worship.
You visited 2 branches of the dungeon, and saw 12 of its levels.
You also visited: Sewer and Bailey.

You collected 1075 gold pieces.

Inventory:

Hand Weapons
 g - a +2 dagger of venom
 s - the +1 hammer "Gimm" (weapon) {freeze, rPois Will+ rCorr}
   (You found it on level 4 of the Dungeon)

   rPois:     It protects you from poison.
   Will+:     It increases your willpower.
   rCorr:     It protects you from acid and corrosion.
Missiles
 M - 2 throwing nets
Armour
 a - a +0 robe
 b - a +0 leather armour
 E - a +2 cloak (worn)
 J - a +2 kite shield
 K - +0 steam dragon scales (worn)
 N - an orb of energy (worn)
Jewellery
 c - a ring of fire
 d - a +4 ring of slaying
 l - an amulet of magic regeneration
 t - a +5 ring of evasion (left hand)
 y - an amulet of regeneration (around neck)
Wands
 m - a wand of charming (13)
 z - a wand of digging (7)
 H - a wand of light (10)
 I - a wand of roots (3)
Scrolls
 e - 2 scrolls of silence
 h - 4 scrolls of teleportation {@r4}
 k - a scroll of immolation
 n - 2 scrolls of enchant weapon
 o - 5 scrolls of fog
 u - a scroll of amnesia
 B - 2 scrolls of revelation
 D - 2 scrolls of fear
 G - a scroll of vulnerability
 L - a scroll of brand weapon {unknown}
 O - a scroll of poison {unknown}
Potions
 f - a potion of berserk rage
 i - 5 potions of heal wounds {@q2}
 j - 2 potions of mutation {unknown}
 p - 2 potions of degeneration {unknown}
 q - a potion of attraction {unknown}
 r - 4 potions of curing {unknown}
 v - 2 potions of brilliance {unknown}
 w - a potion of cancellation {unknown}
 x - 3 potions of enlightenment
 A - 2 potions of might
 C - a potion of magic
 F - a potion of ambrosia {unknown}
 P - a potion of invisibility {unknown}


   Skills:
 + Level 10.2 Fighting
 - Level 2.0 Dodging
 - Level 1.7 Stealth
 - Level 4.5 Spellcasting
 - Level 3.6 Conjurations
 + Level 9.9 Fire Magic
 - Level 4.2 Air Magic
 + Level 9.8 Alchemy


You had 6 spell levels left.
You knew the following spells:

 Your Spells              Type           Power      Damage    Failure   Level
a - Sting                 Conj/Alch      100%       1d9       4%          1
b - Mercury Vapours       Alch/Air       64%        N/A       5%          2
c - Mephitic Cloud        Conj/Alch/Air  28%        N/A       11%         3
d - Olgreb's Toxic Radia  Alch           43%        N/A       9%          4
e - Sticky Flame          Fire/Alch      44%        2d8       8%          4

Your spell library contained the following spells:

 Spells                   Type           Power      Damage    Failure   Level
 Kiss of Death            Conj/Necr      44%        2d8       17%         1
 Lesser Beckoning         Tloc           8%         N/A       38%         2
 Confusing Touch          Hex            4%         N/A       58%         3
 Maxwell's Portable Pile  Tloc           4%         2d(5-14)  58%         3
 Teleport Other           Tloc           4%         N/A       58%         3
 Dispel Undead            Necr           4%         3d7       90%         4


Dungeon Overview and Level Annotations

Branches:
Dungeon (11/15)            Temple (0/1) D:6            Lair (0/5) D:10
    Orc (1/2) D:11          Sewer (visited)          Bailey (visited)

Altars:
Kikubaaqudgha
Okawaru
Ru
Trog
Uskayaw
The Shining One

Annotations:
D:4 1 runed translucent door, Crazy Yiuf
D:8 3 runed translucent doors, timneilson's ghost, novice OpSh
D:10 2 runed translucent doors
D:11 exclusion: ugly thing


Innate Abilities, Weirdness & Mutations

You have a beak for a mouth.
You have claws for feet.
You sometimes lose the ability to drink potions when taking damage.
You are hated by all.
You are slightly weak-willed. (Will-)
You are somewhat unskilled. (-1 Apt)
Your magical flight helps you evade attacks. (EV +4)
You are missing an eye, making it more difficult to aim.
You can magically evade attacks while moving or waiting.


Message History

Unknown command.
Aiming: Bolt of Light
Press: ? - help, Shift-Dir - straight line, f/p - orc warlord
Aim: an orc warlord, wielding a +2 vampiric battleaxe and wearing a +0 chain mail of fire resistance (almost dead, very poisoned, slow, 59% to hit)
The bolt of light misses the orc warlord.
Aiming: Bolt of Light
Press: ? - help, Shift-Dir - straight line, f/p - orc warlord
Aim: an orc warlord, wielding a +2 vampiric battleaxe and wearing a +0 chain mail of fire resistance (almost dead, very poisoned, slow, 59% to hit)
The bolt of light misses the orc warlord.
The orc warlord is no longer moving slowly.
Aiming: Dig
Press: ? - help, Shift-Dir - straight line, f - you, p - orc warlord Please select a direction to dig.
A staircase back to the Dungeon.
The rock shatters into small pieces.
The orc sorcerer gestures wildly while chanting.
Aiming: Bolt of Light
Press: ? - help, Shift-Dir - straight line, f/p - orc warlord
Aim: an orc warlord, wielding a +2 vampiric battleaxe and wearing a +0 chain mail of fire resistance (almost dead, very poisoned, 59% to hit)
The bolt of light misses the orc warlord.
The bolt of light hits the orc sorcerer!
The orc sorcerer is almost dead.
The orc sorcerer is blinded.
The orc sorcerer begins to cast a spell, but is stunned by your conviction!
The neqoxec gestures at you. Something gnaws on your mind!
You feel your power leaking away.
Casting: Olgreb's Toxic Radiance (dangerous; 9% risk of failure)
Confirm with . or Enter, or press ? or * to list all spells.
You don't have enough magic to cast this spell.
Unknown command.
You kill the orc warlord!
Your life force feels restored.
The neqoxec gestures at you. Something gnaws heavily on your mind!
You feel your power leaking away.
There is a staircase back to the Dungeon here.
The orc sorcerer gestures at you while chanting.
The bolt of fire hits you!!!
You die...
Ru respects your ultimate sacrifice.

##### ##
#######.#.##
##.#.......@...##
#.........).....##
#......)........#
##.....)o.......##
#...............#
#........3).#...#
#.....T........##
##..............#
##............##


You could see a troll, a neqoxec (summoned) and an orc sorcerer (strong, blind,
unable to see you).

Vanquished Creatures
  An orc warlord (Orc:1)
  Josephine (D:11)
  2 vault guards (Bailey)
  2 two-headed ogres
  Pikel (D:6)
  A cyclops (D:11)
  A kobold blastminer (Orc:1)
  2 trolls
  Prince Ribbit (Bailey)
  4 wyverns
  A basilisk (D:9)
  5 wraiths (D:11)
  5 yaks (D:9)
  4 humans (Bailey)
  Grum (D:8)
  4 wargs (Orc:1)
  2 steam dragons (D:8)
  5 water moccasins
  10 orc warriors
  3 black bears (D:10)
  Pargi (D:4)
  3 sky beasts
  5 centaurs
  3 ogres
  3 wolves
  7 kobold brigands
  A gnoll sergeant (D:8)
  15 bullfrogs
  12 killer bees
  A howler monkey (D:9)
  A bombardier beetle (D:4)
  2 hounds
  A jelly (D:7)
  A sleepcap (D:8)
  2 gnoll boudas
  6 orc priests
  Terence (D:3)
  Ijyb (D:3)
  3 iguanas
  10 orc wizards
  Natasha (twice) (D:2)
  18 gnolls
  A river rat (Sewer)
  5 adders
  2 white imps
  A dart slug (D:1)
  59 orcs
  5 ball pythons
  5 bats
  9 endoplasms
  6 giant cockroaches
  10 goblins
  5 hobgoblins
  4 jackals
  58 kobolds
  4 quokkas
  3 frilled lizards
  8 rats
340 creatures vanquished.

Vanquished Creatures (others)
  Erica (D:9)
  A wyvern (D:10)
  An orc (D:9)
  A goblin (Bailey)
  A kobold (Sewer)
5 creatures vanquished.

Grand Total: 345 creatures vanquished

Notes
Turn   | Place    | Note
-------+----------+-------------------------------------------
     0 | D:1      | freelancePsychic the Tengu Alchemist began the quest for
                  | the Orb.
     0 | D:1      | Reached XP level 1. HP: 10/10 MP: 4/4
   112 | D:1      | Reached XP level 2. HP: 10/16 MP: 1/6
   113 | D:1      | Reached skill level 1 in Air Magic
   239 | D:1      | Learned a level 2 spell: Mercury Vapours
   345 | D:1      | Found a faded altar of an unknown god.
   354 | D:1      | Prayed at the altar of an unknown god.
   354 | D:1      | Became a worshipper of Ru the Awakened
   380 | D:1      | Gained mutation: You are somewhat unskilled. (-1 Apt) [Ru
                  | sacrifice]
   380 | D:1      | Reduced skill Stealth to level 1
   380 | D:1      | Reduced skill Spellcasting to level 1
   380 | D:1      | Reached * piety under Ru
   531 | D:1      | Reached XP level 3. HP: 17/20 MP: 6/6
   786 | D:2      | Reached skill level 1 in Fighting
  1321 | D:2      | Noticed Natasha
  1328 | D:2      | Killed Natasha
  1329 | D:2      | Reached XP level 4. HP: 25/25 MP: 0/8
  1843 | D:2      | Noticed Natasha
  1899 | D:2      | Killed Natasha
  2264 | D:3      | Identified the +6 mace "Kiash" {drain, ^Contam rC+++ Str+4}
  2365 | D:3      | Reached XP level 5. HP: 28/29 MP: 1/9
  2370 | D:3      | Learned a level 3 spell: Mephitic Cloud
  2459 | D:3      | Noticed Terence
  2937 | D:4      | Noticed Pargi
  2970 | D:4      | Killed Pargi
  3054 | D:4      | Reached skill level 2 in Fighting
  3054 | D:4      | Reached XP level 6. HP: 35/35 MP: 7/10
  3429 | D:4      | Gained mutation: You are slightly weak-willed. (Will-) [Ru
                  | sacrifice]
  3429 | D:4      | Reached ** piety under Ru
  3429 | D:4      | Reached *** piety under Ru
  3595 | D:4      | Noticed Ijyb
  3627 | D:3      | Killed Ijyb
  3813 | D:4      | Found a sacrificial altar of Ru.
  3963 | D:4      | Gained mutation: Your magical flight helps you evade
                  | attacks. (EV +4) [Tengu growth]
  3963 | D:4      | Reached XP level 7. HP: 24/40 MP: 10/12
  4120 | D:4      | Identified the +7 hammer of Plague {vamp, rC+ Str+3 SInv}
  4121 | D:4      | Identified the +1 hammer "Gimm" {freeze, rPois Will+ rCorr}
  4128 | D:4      | Found a runed translucent door.
  4129 | D:4      | Noticed Crazy Yiuf
  4307 | D:5      | Entered Level 5 of the Dungeon
  4906 | D:5      | Found an iron altar of Okawaru.
  5057 | D:3      | Reached skill level 3 in Fighting
  5194 | D:3      | Learned a level 4 spell: Olgreb's Toxic Radiance
  5315 | D:6      | Found a staircase to the Ecumenical Temple.
  5420 | D:6      | Found a glowing drain.
  5430 | Sewer    | Entered a sewer
  5438 | Sewer    | Reached XP level 8. HP: 37/46 MP: 8/14
  5622 | Sewer    | Found a white marble altar of Elyvilon.
  5834 | D:6      | Reached skill level 4 in Fighting
  5965 | D:6      | Reached skill level 5 in Alchemy
  5988 | D:6      | Learned a level 4 spell: Sticky Flame
  6015 | D:6      | Reached skill level 1 in Fire Magic
  6092 | D:6      | Noticed Pikel
  6107 | D:6      | Killed Pikel
  6108 | D:6      | Reached skill level 5 in Fighting
  6108 | D:6      | Reached XP level 9. HP: 54/54 MP: 4/16
  6389 | D:7      | Gained mutation: You are hated by all. [Ru sacrifice]
  6389 | D:7      | Reached **** piety under Ru
  6610 | D:7      | Found a flagged portal.
  6619 | Bailey   | Entered a bailey
  6739 | Bailey   | Reached skill level 6 in Fighting
  6851 | Bailey   | Reached skill level 5 in Fire Magic
  6932 | Bailey   | Noticed a vault guard
  6932 | Bailey   | Noticed Prince Ribbit
  6952 | Bailey   | Killed Prince Ribbit
  6953 | Bailey   | Reached XP level 10. HP: 58/61 MP: 8/17
  6974 | Bailey   | Killed a vault guard
  6975 | Bailey   | Reached skill level 7 in Fighting
  7031 | Bailey   | Noticed a vault guard
  7113 | Bailey   | Killed a vault guard
  8187 | D:8      | Noticed Grum
  8197 | D:8      | Killed Grum
  8313 | D:8      | Noticed a two-headed ogre
  8539 | D:8      | Found an ancient bone altar of Kikubaaqudgha.
  9000 | D:8      | Found a runed translucent gate.
  9000 | D:8      | Found a runed translucent gate.
  9000 | D:8      | Found a runed translucent gate.
  9001 | D:8      | Noticed timneilson's ghost (novice OpSh)
  9001 | D:8      | Noticed a six-headed hydra
  9055 | D:8      | Killed a two-headed ogre
  9056 | D:8      | Reached skill level 8 in Fighting
  9056 | D:8      | Reached XP level 11. HP: 68/68 MP: 0/18
  9266 | D:8      | Found a hide-covered altar of Uskayaw.
  9273 | D:8      | Found a bloodstained altar of Trog.
  9538 | D:3      | Killed Terence
  9906 | D:3      | Gained mutation: You are missing an eye, making it more
                  | difficult to aim. [Ru sacrifice]
  9906 | D:3      | Reached ***** piety under Ru
 10552 | D:9      | Found a glowing golden altar of the Shining One.
 10878 | D:9      | Noticed a two-headed ogre
 10882 | D:9      | Killed a two-headed ogre
 10908 | D:9      | Noticed Erica
 10958 | D:9      | Killed Erica
 11115 | D:9      | You are sucked into a shaft and drop 2 floors!
 11219 | D:11     | Noticed a cyclops
 11230 | D:11     | Noticed Josephine
 11234 | D:11     | Killed a cyclops
 11234 | D:11     | Killed Josephine
 11235 | D:11     | Reached skill level 9 in Fighting
 11408 | D:11     | Found a staircase to the Orcish Mines.
 11891 | D:11     | Noticed a green ugly thing
 12021 | D:10     | Entered Level 10 of the Dungeon
 12065 | D:10     | Found a large runed translucent door.
 12066 | D:10     | Found a large runed translucent door.
 12155 | D:10     | Gained mutation: You occasionally lose the ability to drink
                  | potions when taking damage. [Ru sacrifice]
 12155 | D:10     | Gained mutation: You sometimes lose the ability to drink
                  | potions when taking damage. [Ru sacrifice]
 12155 | D:10     | Reached ****** piety under Ru
 12312 | D:10     | Found a staircase to the Lair.
 12651 | D:9      | Reached XP level 12. HP: 67/77 MP: 14/19
 13202 | Orc:1    | Entered Level 1 of the Orcish Mines
 13333 | Orc:1    | Reached skill level 10 in Fighting
 13435 | Orc:1    | Noticed an orc warlord
 13486 | Orc:1    | Killed an orc warlord
 13488 | Orc:1    | Killed from afar by an orc sorcerer

Illustrated notes

Levels and vault maps discovered:
D:1:      dpeg_arrival_connections, layout_rooms,
          hellmonk_ecumenical_altar_run_dry
D:2:      layout_basic, uniq_natasha
D:3:      minmay_goblin_kobold_castle, layout_basic, uniq_terence
D:4:      layout_loops_ring, kennysheep_little_box, uniq_ijyb, uniq_pargi,
          uniq_crazy_yiuf_cottage
D:5:      layout_rooms, okawaru_altar_gauntlet_db,
          eino_small_chamber_without_monster
D:6:      layout_rooms, minmay_temple_entry_mist, gup_sewer_entry_pipe,
          uniq_pikel
D:7:      layout_basic, enter_bailey_2, kennysheep_diamond
D:8:      layout_basic, amethyst_overflow_temple_binary,
          nicolae_kikubaaqudgha_miasma_corner, gammafunk_ghost_split, uniq_grum
D:9:      layout_loops_ring, tso_metal_star, hangedman_minor_gate_pass,
          uniq_erica
D:10:     layout_rooms, minmay_lair_entry_grove, lightli_elemental_guards
D:11:     layout_gridville, hiddenorc2_lemuel, bloody_makhleb, uniq_josephine
Orc:1:    layout_caves, serial_shops, nicolae_book_shop_shelving

Skill      XL: |  1  2  3  4  5  6  7  8  9 10 11 12 |
---------------+-------------------------------------+-----
Alchemy        | 3 2 3 4 5 6 8 9 |  9.8
Air Magic      | 1 2 3 4 |  4.2
Stealth        | 1 |  1.7
Spellcasting   | 1 2 3 4 |  4.5
Fighting       | 1 2 3 5 6 8 9 10 | 10.2
Conjurations   | 2 3 |  3.6
Fire Magic     | 2 5 7 9 |  9.9
Dodging        | |  2.0

Action                     |  1- 3 |  4- 6 |  7- 9 | 10-12 || total
---------------------------+-------+-------+-------+-------++-------
  Melee: Dagger            |    40 |    65 |       |       ||   105
         Kick              |    14 |    18 |    47 |    25 ||   104
         Peck              |     3 |    11 |    35 |    17 ||    66
         Unarmed           |     2 |       |       |       ||     2
         Mace              |       |       |   155 |   120 ||   275
   Cast: Sting             |    25 |     5 |     4 |       ||    34
         Mercury Vapours   |    12 |    34 |    27 |       ||    73
         Mephitic Cloud    |       |     3 |    21 |    20 ||    44
         Olgreb's Toxic Ra |       |       |    11 |    86 ||    97
         Sticky Flame      |       |       |       |    37 ||    37
 Invoke: Sacrifice Skill   |     1 |       |       |       ||     1
         Sacrifice Essence |       |     1 |       |       ||     1
         Draw Out Power    |       |       |     2 |     4 ||     6
         Sacrifice Love    |       |       |     1 |       ||     1
         Apocalypse        |       |       |       |     2 ||     2
         Sacrifice Drink   |       |       |       |     1 ||     1
         Sacrifice an Eye  |       |       |       |     1 ||     1
  Evoke: Wand              |       |       |       |     5 ||     5
    Use: Scroll            |     3 |     4 |     5 |     5 ||    17
         Potion            |       |     2 |     1 |       ||     3
   Stab: Distracted        |     1 |       |       |     1 ||     2
         Confused          |       |     1 |     5 |     1 ||     7
         Sleeping          |       |     1 |     1 |     1 ||     3
         Invisible         |       |       |     2 |       ||     2
         Paralysed         |       |       |       |     4 ||     4
 Armour: Robe              |    24 |    49 |       |       ||    73
         Leather armour    |       |       |    81 |    24 ||   105
         Steam dragon scal |       |       |       |    88 ||    88
  Dodge: Dodged            |    35 |    74 |   218 |   330 ||   657

Table legend: (Time is in decaauts)
 A = Elapsed time spent in this place.
 B = Non-inter-level travel time spent in this place.
 C = Inter-level travel time spent in this place.
 D = Time resting spent in this place.
 E = Time spent auto-exploring this place.
 F = Levels seen in this place.
 G = Mean time per level.
                   A        B        C        D        E       F      G
               +--------+--------+--------+--------+--------+-----+--------+
         Total |  13630 |  12819 |    811 |    352 |   9660 |  14 |  973.6 |
       Dungeon |  12393 |  11582 |    811 |    202 |   9033 |  11 | 1126.6 |
  Orcish Mines |    286 |    286 |      0 |      0 |    172 |   1 |  286.0 |
         Sewer |    244 |    244 |      0 |     33 |    139 |   1 |  244.0 |
        Bailey |    706 |    706 |      0 |    117 |    316 |   1 |  706.0 |
               +--------+--------+--------+--------+--------+-----+--------+

Top non-repeatable levels by time:
     D:3: 2312 daAuts
     D:7: 1362 daAuts
     D:2: 1328 daAuts
     D:8: 1254 daAuts
     D:9: 1117 daAuts
     D:4: 1068 daAuts
    D:11: 978 daAuts
     D:6: 811 daAuts
     D:1: 797 daAuts
     D:5: 743 daAuts
  Bailey: 706 daAuts
    D:10: 619 daAuts
   Orc:1: 286 daAuts
   Sewer: 244 daAuts
